[Event "WTCC-50 2018"]
[Site "Radebeul"]
[Date "2018.07.08"]
[Round "2"]
[White "Shabalov, Alexander"]
[Black "Schunk, Thomas"]
[Result "1-0"]
[ECO "B82"]
[WhiteElo "2570"]
[BlackElo "2162"]
[Annotator "ChessBase"]
[PlyCount "85"]
[EventDate "2018.07.07"]
[EventType "team-tourn"]
[EventCountry "GER"]
[SourceTitle "playchess.com"]
[Source "ChessBase"]
[SourceQuality "1"]
[TimeControl "40/5400+30:1800+30"]

1. Nf3 c5 2. e4 e6 3. d4 cxd4 4. Nxd4 Nf6 5. Nc3 d6 6. f4 a6 7. Qf3 Qc7 8. g4 b5 9. g5 b4 10. Ncb5 axb5 11. gxf6 gxf6 12. Bd3 Bb7 13. f5 e5 14. Nxb5 Qd7 15. Be3 Bc6 16. Qe2 Qb7 17. Bf2 Nd7 18. Rg1 Ra5 19. c4 Nc5 20. Bxc5 dxc5 21. b3 Ra8 22. O-O-O Rd8 23. Bc2 Rd7 24. Kb2 Kd8 25. Qh5 Bxb5 26. Qxf7 Be7 27. cxb5 Rd4 28. Rxd4+ cxd4 29. Bd3 h6 30. Rc1 Rf8 31. Qe6 Qd7 32. b6 Qxe6 33. fxe6 Bd6 34. b7 Ke7 35. Rc8 Rd8 36. Kc2 Bb8 37. Kd1 Ba7 38. Ke2 h5 39. Kf3 Bb8 40. Kg2 Ba7 41. Kh3 f5 42. exf5 e4 43. Bxe4 1-0

[Event "WTCC-50 2018"]
[Site "Radebeul"]
[Date "2018.07.08"]
[Round "2"]
[White "Plaskett, H James"]
[Black "Page, Mark E"]
[Result "1-0"]
[ECO "E61"]
[WhiteElo "2455"]
[BlackElo "2139"]
[Annotator "ChessBase"]
[PlyCount "59"]
[EventDate "2018.07.07"]
[EventType "team-tourn"]
[EventCountry "GER"]
[SourceTitle "playchess.com"]
[Source "ChessBase"]
[SourceQuality "1"]
[TimeControl "40/5400+30:1800+30"]

1. c4 Nf6 2. Nc3 g6 3. d4 Bg7 4. Nf3 d6 5. Bg5 Nbd7 6. e3 h6 7. Bh4 O-O 8. Qc2 c5 9. d5 Qa5 10. Nd2 a6 11. Be2 Re8 12. O-O Nf8 13. a4 e5 14. dxe6 Bxe6 15. Nde4 Nxe4 16. Nxe4 Bf5 17. Bd3 d5 18. Nd6 Bxd3 19. Qxd3 dxc4 20. Qd5 Re6 21. Qxb7 Rxd6 22. Qxa8 g5 23. Bg3 Rd8 24. Qe4 Bxb2 25. Qxc4 Bxa1 26. Rxa1 Qb4 27. Qxa6 c4 28. Be5 Ne6 29. h3 Qb3 30. Qc6 1-0

[Event "WTCC-50 2018"]
[Site "Radebeul"]
[Date "2018.07.08"]
[Round "2"]
[White "Enders, Peter"]
[Black "Rewitz, Poul"]
[Result "1/2-1/2"]
[ECO "A01"]
[WhiteElo "2445"]
[BlackElo "2289"]
[Annotator "ChessBase"]
[PlyCount "86"]
[EventDate "2018.07.07"]
[EventType "team-tourn"]
[EventCountry "GER"]
[SourceTitle "playchess.com"]
[Source "ChessBase"]
[SourceQuality "1"]
[TimeControl "40/5400+30:1800+30"]

1. b3 e5 2. Bb2 Nc6 3. e3 Nf6 4. Nf3 e4 5. Nd4 Nxd4 6. Bxd4 Be7 7. d3 c5 8. Bb2 O-O 9. Nd2 d5 10. dxe4 Nxe4 11. Nxe4 dxe4 12. Bc4 Qa5+ 13. Qd2 Qxd2+ 14. Kxd2 Bg4 15. Rag1 Rad8+ 16. Kc1 Be6 17. Rd1 Bxc4 18. bxc4 f5 19. Rd5 Rxd5 20. cxd5 b5 21. Be5 Rd8 22. Rd1 Bd6 23. Bxd6 Rxd6 24. Kb2 Kf7 25. a4 bxa4 26. Ka3 Ke7 27. Kxa4 Rb6 28. Ka3 Kd6 29. c4 Rb4 30. Rc1 g5 31. g3 g4 32. Ka2 Ke5 33. Rc3 Kd6 34. Ka1 Kd7 35. Ra3 Rxc4 36. Rxa7+ Kd6 37. Rf7 Rb4 38. Rxf5 c4 39. Rf8 Rb7 40. Rd8+ Kc5 41. d6 c3 42. Rc8+ Kxd6 43. Rxc3 Ke5 1/2-1/2

[Event "WTCC-50 2018"]
[Site "Radebeul"]
[Date "2018.07.08"]
[Round "2"]
[White "Arkell, Keith C"]
[Black "Fegan, Chris"]
[Result "1-0"]
[ECO "A81"]
[WhiteElo "2406"]
[BlackElo "2040"]
[Annotator "ChessBase"]
[PlyCount "117"]
[EventDate "2018.07.07"]
[EventType "team-tourn"]
[EventCountry "GER"]
[SourceTitle "playchess.com"]
[Source "ChessBase"]
[SourceQuality "1"]
[TimeControl "40/5400+30:1800+30"]

1. d4 f5 2. g3 Nf6 3. Bg2 g6 4. Nh3 Bg7 5. Nf4 c6 6. c4 Qa5+ 7. Nc3 Ne4 8. Qd3 e5 9. dxe5 Nxc3 10. Bd2 Bxe5 11. Rc1 O-O 12. Bxc3 Bxc3+ 13. Qxc3 Qxc3+ 14. Rxc3 Na6 15. O-O Rb8 16. a3 b5 17. b4 bxc4 18. Rxc4 Nc7 19. Rc5 Re8 20. e3 Rb5 21. Rfc1 Re5 22. Rxe5 Rxe5 23. Nd3 Re8 24. Nc5 Ne6 25. Nxe6 Rxe6 26. Bd5 cxd5 27. Rxc8+ Kg7 28. Rc7 Ra6 29. Rxd7+ Kh6 30. Rxd5 Rxa3 31. h3 a6 32. Kg2 Ra4 33. Rd4 a5 34. bxa5 Rxa5 35. g4 Kg5 36. Kg3 h5 37. h4+ Kf6 38. gxh5 gxh5 39. Rd6+ Kg7 40. Kf4 Ra2 41. f3 Rh2 42. Kxf5 Rxh4 43. e4 Rh3 44. Rg6+ Kf7 45. f4 h4 46. e5 Rg3 47. Rg4 Rh3 48. e6+ Ke7 49. Rg7+ Kd6 50. Rd7+ Kc6 51. Rd4 Ra3 52. Ke5 h3 53. Rc4+ Kb5 54. Rc2 Ra8 55. e7 Rh8 56. Kf6 Kb4 57. Kg7 Ra8 58. Kf7 Ra7 59. Kf8 1-0

[Event "WTCC-50 2018"]
[Site "Radebeul"]
[Date "2018.07.08"]
[Round "2"]
[White "Cummings, David H."]
[Black "Engman, Rikard"]
[Result "1-0"]
[ECO "A10"]
[WhiteElo "2336"]
[BlackElo "2171"]
[Annotator "NA"]
[PlyCount "65"]
[EventDate "2018.07.07"]
[EventType "team-tourn"]
[EventCountry "GER"]
[SourceTitle "playchess.com"]
[Source "ChessBase"]
[SourceQuality "1"]
[TimeControl "40/5400+30:1800+30"]

1. c4 b6 2. Nc3 Bb7 3. e4 e5 4. Nf3 Nc6 5. g3 Bc5 6. Bg2 Nge7 {[%emt 0:00:18] LiveBook: 4 Games} 7. O-O O-O 8. d3 d6 9. a3 a5 10. Bd2 Nd4 11. Rb1 $11 Nxf3+ 12. Bxf3 Nc6 13. Bg2 Qd7 14. Kh1 Nd8 15. f4 exf4 16. Bxf4 Ne6 17. Qd2 Bd4 18. Nb5 Be5 19. d4 Bxf4 20. gxf4 c6 21. Nc3 c5 22. d5 Nd4 23. Ne2 Nxe2 24. Qxe2 Rae8 25. Rbe1 Re7 26. Rf3 Rfe8 27. Re3 b5 28. cxb5 Bxd5 29. Qd2 Bc4 30. a4 f5 31. exf5 Kf8 32. Bc6 Qxf5 33. Qxd6 1-0

[Event "WTCC-50 2018"]
[Site "Radebeul"]
[Date "2018.07.08"]
[Round "2"]
[White "Schulz, Klaus-Juergen"]
[Black "Wagner Michel, Annett"]
[Result "1-0"]
[ECO "D58"]
[WhiteElo "2324"]
[BlackElo "2119"]
[Annotator "NA"]
[PlyCount "107"]
[EventDate "2018.07.07"]
[EventType "team-tourn"]
[EventCountry "GER"]
[SourceTitle "playchess.com"]
[Source "ChessBase"]
[SourceQuality "1"]
[TimeControl "40/5400+30:1800+30"]

1. d4 {[%emt 0:00:00] Payen,A} d5 2. c4 e6 3. Nc3 Nf6 4. Bg5 Be7 5. e3 h6 6. Bh4 O-O 7. Nf3 b6 8. Bxf6 Bxf6 9. cxd5 exd5 10. b4 c5 {[%emt 0:07:28] D58: Damengambit (Tartakower-Variante)} 11. b5 (11. bxc5 bxc5 12. Qa4 Bd7 13. Bb5 cxd4 14. Nxd4 Bxd4 15. Qxd4 Bxb5 16. Nxb5 Qa5+ 17. Nc3 Nc6 18. Qd2 d4 19. Nd1 dxe3 20. Nxe3 Qa6 21. Qe2 Qa5+ 22. Qd2 Qa6 23. Qe2 {½-½ (23) Karpov,A (2626)-Ljubojevic,L (2571) Platja d'Aro 2017}) 11... Qd6 12. Be2 Be6 $146 ({Vorgänger:} 12... Bb7 13. O-O Nd7 14. Qc2 Rac8 15. Rac1 Rfe8 16. Rfe1 g6 17. Qa4 Rc7 18. Rc2 {0-1 (67) Manoeuvre,A (2246)-Payen,A (2366) Issy les Moulineaux 2010 EXT 2011 [Payen,A]}) 13. O-O Nd7 14. Qd2 Rfd8 15. Rfd1 Rac8 16. Rac1 Qe7 17. dxc5 Bxc3 18. Qxc3 Nxc5 19. Qa3 Qb7 20. Nd4 Rd6 21. Qb4 Qd7 22. Nc6 a5 23. Qd4 Qc7 24. Bf3 Kf8 25. e4 dxe4 26. Qxd6+ Qxd6 27. Rxd6 exf3 28. a3 fxg2 29. Kxg2 Ne4 30. Rd4 Nf6 31. Rcd1 g6 32. Rd8+ Rxd8 33. Rxd8+ Kg7 34. Rb8 Nd5 35. Nd4 Kf6 36. Kf3 Ke5 37. Nxe6 fxe6 38. Rc8 h5 39. h4 Kf5 40. Rc6 Ke5 41. Kg3 Kf5 42. f4 Kf6 43. Kf3 Kf5 44. Rc8 Nf6 45. Rc1 Nd5 $18 46. Rc6 e5 47. fxe5 Kxe5 48. Rxg6 Kd4 49. Rg5 Kc4 50. Rxh5 Nc3 51. Rf5 Nxb5 52. Rxb5 Kxb5 53. h5 Ka4 54. h6 1-0

[Event "WTCC-50 2018"]
[Site "Radebeul"]
[Date "2018.07.08"]
[Round "2"]
[White "Goh, Cheng Hong"]
[Black "Rensch, Toralf"]
[Result "1/2-1/2"]
[ECO "A05"]
[WhiteElo "2323"]
[BlackElo "2088"]
[Annotator "NA"]
[PlyCount "49"]
[EventDate "2018.07.07"]
[EventType "team-tourn"]
[EventCountry "GER"]
[SourceTitle "playchess.com"]
[Source "ChessBase"]
[SourceQuality "1"]
[TimeControl "40/5400+30:1800+30"]

1. Nf3 Nf6 2. g3 d5 3. Bg2 c6 4. O-O Nbd7 {[%emt 0:02:24] LiveBook: 96 Games} 5. d3 e6 6. Re1 Be7 7. b3 O-O 8. Bb2 a5 9. a4 b5 10. Nbd2 Qb6 11. e4 b4 12. h3 h6 $11 13. Qe2 Bb7 14. Rad1 Rad8 15. Nh2 c5 16. e5 Nh7 17. Qg4 Bc8 18. Ndf3 f5 19. Qh5 Rf7 20. Bc1 Ndf8 21. Nh4 Bd7 22. Ng6 Nxg6 23. Qxg6 Nf8 24. Qh5 Be8 25. Qg4 1/2-1/2

[Event "WTCC-50 2018"]
[Site "Radebeul"]
[Date "2018.07.08"]
[Round "2"]
[White "Brueggemann, Joachim"]
[Black "Rewitz, Jan"]
[Result "1-0"]
[ECO "B01"]
[WhiteElo "2293"]
[BlackElo "2055"]
[Annotator "NA"]
[PlyCount "71"]
[EventDate "2018.07.07"]
[EventType "team-tourn"]
[EventCountry "GER"]
[SourceTitle "playchess.com"]
[Source "ChessBase"]
[SourceQuality "1"]
[TimeControl "40/5400+30:1800+30"]

1. e4 d5 2. exd5 Nf6 3. d4 Nxd5 4. c4 Nb6 5. Nf3 g6 6. c5 Nd5 7. Bc4 Bg7 8. Qb3 c6 9. Nc3 O-O {[%emt 0:01:27] LiveBook: 92 Games} 10. O-O Nxc3 {[%emt 0:11:49] B01: Scandinavian Defence} 11. bxc3 h6 (11... b5 12. cxb6 axb6 13. Re1 b5 14. Bd3 Nd7 15. Ba3 Bf6 16. Nd2 Re8 17. Ne4 Bg7 18. Ng5 e6 19. Ne4 Nf6 20. Bc5 Nxe4 21. Bxe4 {1-0 (50) Perunovic,M (2696)-Roganovic,M (2524) Belgrade 2014}) 12. Re1 Nd7 13. Bf4 b6 14. cxb6 axb6 $146 ({Predecessor:} 14... Nxb6 15. Ne5 Qe8 16. Nxg6 e5 17. Nxf8 Nxc4 18. Qxc4 Qxf8 19. Bxe5 Be6 20. Qxc6 Rc8 21. Qf3 f6 22. Bxf6 {1-0 (22) Sokolova,V (2052)-Fokin,A (1858) St Petersburg 2011}) 15. Qc2 e6 16. Qd2 Kh7 17. Bd6 Re8 18. Rad1 Bb7 19. Qf4 Kg8 20. h4 Qf6 21. Qg3 c5 22. Ne5 Nxe5 23. dxe5 Qf5 24. Bd3 Qh5 25. Bb5 Red8 26. a4 Rac8 27. Rb1 c4 28. Rb2 g5 29. hxg5 Qxg5 30. Re3 $16 Bf8 31. Rd2 Bd5 32. Qh3 Kh7 33. Rxd5 exd5 34. Rg3 Qc1+ 35. Kh2 Qc2 36. Bd7 1-0

[Event "WTCC-50 2018"]
[Site "Radebeul"]
[Date "2018.07.08"]
[Round "2"]
[White "Wilke, Werner"]
[Black "Wallner, Joachim"]
[Result "0-1"]
[ECO "D00"]
[WhiteElo "2282"]
[BlackElo "2311"]
[Annotator "NA"]
[PlyCount "70"]
[EventDate "2018.07.07"]
[EventType "team-tourn"]
[EventCountry "GER"]
[SourceTitle "playchess.com"]
[Source "ChessBase"]
[SourceQuality "1"]
[TimeControl "40/5400+30:1800+30"]

1. d4 d5 2. Bf4 Nf6 3. e3 Bf5 4. c4 c6 5. Qb3 Qb6 6. c5 Qxb3 7. axb3 Nbd7 8. b4 Bxb1 9. Rxb1 Nh5 10. Nf3 Nxf4 11. exf4 a6 12. Bd3 g6 13. Kd2 Bg7 14. Kc3 O-O $11 15. Rhe1 e6 16. Ne5 Nxe5 17. fxe5 f6 18. f4 fxe5 19. fxe5 Rf2 20. Re2 Raf8 21. Rbe1 R2f4 22. Rc2 Bh6 23. b3 Kg7 24. Ra2 Bg5 25. g3 Rf3 26. Rg2 Be3 27. Ree2 g5 28. Rc2 Bf2 29. Rc1 h5 30. Rd1 Kh6 31. Kc2 Bxd4 32. Bxa6 Rc3+ 33. Kb1 Rxb3+ 34. Ka2 Rxb4 35. Ka3 Bxc5 0-1

[Event "WTCC-50 2018"]
[Site "Radebeul"]
[Date "2018.07.08"]
[Round "2"]
[White "Denk, Adolf"]
[Black "Schweitzer, Werner"]
[Result "1/2-1/2"]
[ECO "D10"]
[WhiteElo "2262"]
[BlackElo "2033"]
[Annotator "NA"]
[PlyCount "75"]
[EventDate "2018.07.07"]
[EventType "team-tourn"]
[EventCountry "GER"]
[SourceTitle "playchess.com"]
[Source "ChessBase"]
[SourceQuality "1"]
[TimeControl "40/5400+30:1800+30"]

1. d4 d5 2. Nf3 Nf6 3. c4 c6 4. cxd5 cxd5 5. Nc3 Nc6 6. Bf4 Qb6 7. Na4 Qa5+ {[%emt 0:00:39] LiveBook: 31 Games} 8. Bd2 Qd8 9. e3 e6 10. Bb5 {[%emt 0:01:51] D13: Slav Defence: Exchange variation without ...Bf5} Bd7 11. O-O Bd6 (11... Ne4 12. Rc1 Rc8 13. Nc5 Bxc5 14. dxc5 Nxd2 15. Qxd2 O-O 16. b4 Qe7 17. Be2 a6 {1-0 (80) Hungaski,R (2511)-Molina,R (2453) Buenos Aires 2017}) 12. Rc1 O-O 13. Nc5 Qb6 14. a4 $146 ({Predecessor:} 14. Nxd7 Nxd7 15. Qa4 Rfc8 16. Rc2 a6 17. Bd3 Nf6 {½-½ (26) Golz,W-Hennings,A Schwerin 1969}) 14... Rac8 15. Qe2 (15. b4 $14) 15... a6 16. Bxc6 Bxc6 17. b4 Rfd8 $11 18. Rc2 Qa7 19. Rfc1 Bxc5 20. Rxc5 Bd7 21. Qd1 b6 22. Rxc8 Rxc8 23. Rxc8+ Bxc8 24. Qc2 Qb7 25. Ne5 Ne4 26. b5 axb5 27. axb5 f6 28. Nc6 Nd6 29. Bb4 Nc4 30. e4 Bd7 31. exd5 exd5 32. Qe2 Qa8 33. h3 Qe8 34. Ne7+ Kh8 35. Qf3 Be6 36. Qf4 h6 37. Nc6 Qg6 38. Kh2 1/2-1/2

[Event "WTCC-50 2018"]
[Site "Radebeul"]
[Date "2018.07.08"]
[Round "2"]
[White "Findlay, Ian T."]
[Black "Sundell, Bo"]
[Result "1-0"]
[ECO "C03"]
[WhiteElo "2244"]
[BlackElo "2157"]
[Annotator "NA"]
[PlyCount "51"]
[EventDate "2018.07.07"]
[EventType "team-tourn"]
[EventCountry "GER"]
[SourceTitle "playchess.com"]
[Source "ChessBase"]
[SourceQuality "1"]
[TimeControl "40/5400+30:1800+30"]

1. e4 e6 2. d4 d5 3. Nd2 dxe4 4. Nxe4 Nf6 5. Nxf6+ Qxf6 6. Nf3 h6 7. h4 Qd8 8. Bd3 c5 9. Be3 cxd4 10. Nxd4 Be7 ({Black should try} 10... e5 $14) 11. Qh5 $16 Nc6 12. O-O-O Qa5 13. Qxa5 Nxa5 14. Nb5 Bd8 15. Bc5 Be7 16. Be3 Bd8 17. Nxa7 O-O 18. Bc5 Rxa7 19. Bxa7 b6 20. Bb8 Be7 21. Bg3 Nc6 22. Be4 Nb4 23. a3 Na6 24. Bd6 Bxd6 25. Rxd6 Nc5 26. Bf3 1-0

[Event "WTCC-50 2018"]
[Site "Radebeul"]
[Date "2018.07.08"]
[Round "2"]
[White "Preuss, Heiko"]
[Black "Arenhoevel, Mark"]
[Result "1/2-1/2"]
[ECO "D00"]
[WhiteElo "2235"]
[BlackElo "2077"]
[Annotator "NA"]
[PlyCount "44"]
[EventDate "2018.07.07"]
[EventType "team-tourn"]
[EventCountry "GER"]
[SourceTitle "playchess.com"]
[Source "ChessBase"]
[SourceQuality "1"]
[TimeControl "40/5400+30:1800+30"]

1. d4 d5 2. g3 Nf6 3. Bg2 g6 4. Nf3 Bg7 5. O-O c6 6. b3 O-O 7. Bb2 Bf5 8. Nbd2 Nbd7 9. Nh4 Be6 10. f4 Ng4 11. Rf3 f5 12. h3 Ngf6 $15 13. Rb1 a5 14. Kh2 a4 15. b4 Ne4 16. Rf1 Nb6 17. c3 a3 18. Ba1 Nxd2 19. Qxd2 Nc4 20. Qd3 Qd6 21. Nf3 b5 22. Rf2 Bd7 1/2-1/2

[Event "WTCC-50 2018"]
[Site "Radebeul"]
[Date "2018.07.08"]
[Round "2"]
[White "Polster, Wolfgang"]
[Black "Mai, Iris"]
[Result "1-0"]
[ECO "B23"]
[WhiteElo "2203"]
[BlackElo "2038"]
[Annotator "NA"]
[PlyCount "61"]
[EventDate "2018.07.07"]
[EventType "team-tourn"]
[EventCountry "GER"]
[SourceTitle "playchess.com"]
[Source "ChessBase"]
[SourceQuality "1"]
[TimeControl "40/5400+30:1800+30"]

1. e4 c5 2. Nc3 e6 3. Nf3 a6 4. Be2 b5 5. d3 d6 6. O-O Bb7 7. Re1 Nd7 8. Bf4 e5 9. Bg3 b4 10. Nb1 h5 $14 11. h4 Be7 12. Nbd2 Nf8 13. c3 bxc3 14. Qa4+ Qd7 15. Qxd7+ Nxd7 16. bxc3 Ngf6 17. Nc4 Ra7 18. Bd1 O-O 19. Ba4 Rc8 20. Rab1 Bc6 21. Bxc6 Rxc6 22. Rb3 Kh7 23. Reb1 Kg6 24. Bxe5 Ng4 25. Bf4 f6 26. Rb7 Rc7 27. Rxc7 Rxc7 28. Nxd6 Nde5 29. Nc4 Rd7 30. Bxe5 Rxd3 31. Ne1 1-0

[Event "WTCC-50 2018"]
[Site "Radebeul"]
[Date "2018.07.08"]
[Round "2"]
[White "Pedersen, Gunnar"]
[Black "Paehtz, Thomas"]
[Result "1/2-1/2"]
[ECO "A46"]
[WhiteElo "2201"]
[BlackElo "2347"]
[Annotator "NA"]
[PlyCount "53"]
[EventDate "2018.07.07"]
[EventType "team-tourn"]
[EventCountry "GER"]
[SourceTitle "playchess.com"]
[Source "ChessBase"]
[SourceQuality "1"]
[TimeControl "40/5400+30:1800+30"]

1. d4 Nf6 2. Nf3 d6 3. c4 c6 4. Nc3 Bf5 5. e3 g6 6. Bd3 Bxd3 7. Qxd3 Bg7 8. O-O Nbd7 9. b3 O-O 10. Bb2 e5 11. Rad1 Re8 12. dxe5 dxe5 13. Ne4 Nxe4 14. Qxd7 $11 Qb6 15. Qd3 Nxf2 16. Rxf2 e4 17. Qe2 Bxb2 18. Ng5 Bg7 19. Rxf7 Rad8 20. Rdd7 Rxd7 21. Rxd7 Bh6 22. h4 Bxg5 23. hxg5 Qc5 24. Qb2 Qxe3+ 25. Kh1 Qe1+ 26. Kh2 Qh4+ 27. Kg1 1/2-1/2

[Event "WTCC-50 2018"]
[Site "Radebeul"]
[Date "2018.07.08"]
[Round "2"]
[White "Burchardt, Brigitte"]
[Black "Fritsche, Lutz"]
[Result "0-1"]
[ECO "B06"]
[WhiteElo "2195"]
[BlackElo "2303"]
[Annotator "NA"]
[PlyCount "70"]
[EventDate "2018.07.07"]
[EventType "team-tourn"]
[EventCountry "GER"]
[SourceTitle "playchess.com"]
[Source "ChessBase"]
[SourceQuality "1"]
[TimeControl "40/5400+30:1800+30"]

1. e4 g6 2. d4 Bg7 3. Nc3 d6 4. Be3 a6 5. a4 b6 6. Bc4 Bb7 7. Nge2 Nf6 8. f3 d5 9. exd5 Nxd5 10. Nxd5 Bxd5 11. Bxd5 Qxd5 12. O-O Nc6 13. Qd3 O-O 14. Rfd1 Rfd8 $11 15. c3 Ne5 16. Qc2 Nc4 17. Bf2 Bh6 18. Rd3 b5 19. Ng3 Qc6 20. b3 Nb6 21. a5 Nd5 22. Qb2 Nf4 23. Rdd1 e5 24. b4 Qc4 25. Qc2 Nd5 26. dxe5 Nxc3 27. Rxd8+ Rxd8 28. e6 fxe6 29. Bc5 Rd2 30. Qc1 Rxg2+ 31. Kxg2 Bxc1 32. Rxc1 Qd3 33. Rf1 Nd5 34. Re1 Nf4+ 35. Kf2 Qd2+ 0-1

[Event "WTCC-50 2018"]
[Site "Radebeul"]
[Date "2018.07.08"]
[Round "2"]
[White "Olsson, Peter"]
[Black "Plotkin, Victor"]
[Result "1/2-1/2"]
[ECO "A45"]
[WhiteElo "2172"]
[BlackElo "2248"]
[Annotator "NA"]
[PlyCount "108"]
[EventDate "2018.07.07"]
[EventType "team-tourn"]
[EventCountry "GER"]
[SourceTitle "playchess.com"]
[Source "ChessBase"]
[SourceQuality "1"]
[TimeControl "40/5400+30:1800+30"]

1. d4 Nf6 2. Bf4 e6 3. e3 b6 4. Nd2 Bb7 5. c3 Be7 6. h3 d6 7. Ngf3 c5 8. Bd3 Nc6 9. Qe2 O-O 10. O-O Qc7 {[%emt 0:20:14] LiveBook: 9 Games A47: 1 d4 Nf6 2 Nf3 b6: Torre, London and Colle Systems} 11. a3 (11. dxc5 bxc5 12. e4 Nd7 13. Nc4 Nb6 14. Rad1 Nxc4 15. Bxc4 Rad8 16. Rd2 Ne5 17. Nxe5 dxe5 18. Rxd8 Rxd8 {½-½ (55) Martinovic,S (2583)-Cvitan,O (2484) Zadar 2017}) 11... Rfe8 12. Bh2 e5 $146 ({Predecessor:} 12... Bf8 13. e4 e5 14. dxe5 dxe5 15. Ba6 {½-½ (15) Backwinkel,P (2317)-Van Osch,M (2263) Germany 2016}) 13. dxe5 dxe5 14. Bc4 Bf8 15. Rfd1 h6 16. e4 g6 17. Nh4 Kg7 18. Rf1 Bd6 19. Rad1 Rad8 20. Bb5 Qc8 21. Nc4 Bc7 22. Rxd8 Qxd8 23. Rd1 Qe7 24. Ne3 Kh7 25. Nd5 Nxd5 26. exd5 Qxh4 27. Bxc6 Bxc6 28. dxc6 Qf6 29. Rd7 Re7 30. Qd2 Qe6 31. b4 cxb4 32. cxb4 b5 33. Qd5 Rxd7 34. Qxd7 Qxd7 35. cxd7 f6 36. f4 e4 37. f5 Bb6+ 38. Kf1 gxf5 39. Bg1 Bd8 40. Bxa7 Kg6 41. Ke2 Kf7 42. Ke3 Ke6 43. Kd4 Be7 44. g4 fxg4 45. hxg4 Kxd7 46. Kxe4 Ke6 47. Bc5 Bd8 48. Bf8 $11 Bc7 49. Kd4 Bb6+ 50. Ke4 Bc7 51. Kd4 Bb6+ 52. Ke4 Bc7 53. Bxh6 Be5 54. Bf8 Bc7 1/2-1/2

[Event "WTCC-50 2018"]
[Site "Radebeul"]
[Date "2018.07.08"]
[Round "2"]
[White "Ernst, Michael"]
[Black "Hoebarth, Guenter"]
[Result "1/2-1/2"]
[ECO "A45"]
[WhiteElo "2156"]
[BlackElo "1952"]
[Annotator "NA"]
[PlyCount "75"]
[EventDate "2018.07.07"]
[EventType "team-tourn"]
[EventCountry "GER"]
[SourceTitle "playchess.com"]
[Source "ChessBase"]
[SourceQuality "1"]
[TimeControl "40/5400+30:1800+30"]

1. d4 Nf6 2. Bf4 c5 3. e3 cxd4 4. exd4 Nd5 5. Bc1 Qa5+ 6. c3 Nc6 7. Nf3 d6 8. Be2 g6 9. O-O Bg7 10. Re1 O-O 11. h3 e5 12. dxe5 dxe5 13. Nbd2 Nf4 14. Nc4 Nxe2+ 15. Qxe2 Qc7 16. Ncxe5 Nxe5 17. Nxe5 Be6 18. Bf4 Qc5 19. Nd3 Qf5 20. Qe3 Bc4 21. Nc5 b5 22. Nb3 Qc2 23. Qd2 Bxb3 24. axb3 Qxb3 25. Ra3 Qc4 26. Rea1 Rad8 27. Qc1 b4 28. Rxa7 bxc3 29. bxc3 Qxc3 30. Qxc3 Bxc3 31. Rc1 Bd4 32. Rb7 Kg7 33. Rc4 Bf6 34. Be3 Rd1+ 35. Kh2 Rfd8 36. g3 R8d7 37. Rb8 Be5 38. Rb5 1/2-1/2

[Event "WTCC-50 2018"]
[Site "Radebeul"]
[Date "2018.07.08"]
[Round "2"]
[White "Pruefer, Friedbert"]
[Black "Benjamin, Joel"]
[Result "1/2-1/2"]
[ECO "A05"]
[WhiteElo "2144"]
[BlackElo "2544"]
[Annotator "ChessBase"]
[PlyCount "67"]
[EventDate "2018.07.07"]
[EventType "team-tourn"]
[EventCountry "GER"]
[SourceTitle "playchess.com"]
[Source "ChessBase"]
[SourceQuality "1"]
[TimeControl "40/5400+30:1800+30"]

1. Nf3 Nf6 2. e3 g6 3. b3 Bg7 4. Bb2 O-O 5. c4 c6 6. Be2 d6 7. d4 a6 8. O-O b5 9. Nbd2 Nbd7 10. a4 bxc4 11. Nxc4 a5 12. Rc1 Bb7 13. Ne1 c5 14. Nd3 cxd4 15. Bxd4 Ne4 16. Bxg7 Kxg7 17. Nf4 Nef6 18. Nd3 Qb8 19. Qd2 Ne4 20. Qb2+ Kg8 21. Rfd1 Rd8 22. b4 axb4 23. Qxb4 Ba6 24. a5 Nec5 25. Nb6 Ra7 26. Nxc5 Nxc5 27. Bxa6 Rxa6 28. Ra1 Rd7 29. Rdb1 Rda7 30. Qc3 Qd8 31. Rb5 Qe8 32. Rab1 Rb7 33. Qc4 Raa7 34. h4 1/2-1/2

[Event "WTCC-50 2018"]
[Site "Radebeul"]
[Date "2018.07.08"]
[Round "2"]
[White "Frostick, Clive A"]
[Black "Hebden, Mark L"]
[Result "1/2-1/2"]
[ECO "A46"]
[WhiteElo "2133"]
[BlackElo "2423"]
[Annotator "NA"]
[PlyCount "100"]
[EventDate "2018.07.07"]
[EventType "team-tourn"]
[EventCountry "GER"]
[SourceTitle "playchess.com"]
[Source "ChessBase"]
[SourceQuality "1"]
[TimeControl "40/5400+30:1800+30"]

1. d4 Nf6 2. Nf3 c5 3. e3 g6 4. dxc5 Qa5+ 5. Nbd2 Bg7 6. a3 Qxc5 7. b4 Qc7 8. Bb2 O-O 9. c4 b6 10. Be2 Bb7 11. O-O d6 12. Rc1 Nbd7 13. Qb3 Rac8 14. Rc2 {[%emt 0:05:18] A48: 1 d4 Nf6 2 Nf3 g6: Torre, London and Colle Systems} (14. Rfd1 Qb8 15. Nb1 Ne4 16. Bxg7 Kxg7 17. Nfd2 Ndf6 18. Nxe4 Bxe4 19. Nc3 Bc6 20. Bf1 Rc7 21. f3 Qc8 22. e4 {0-1 (65) Aleksandrov,A (2589)-McShane,L (2640) Katowice 2017}) 14... Qb8 15. Rfc1 {[%emt 0:03:44] LiveBook: 5 Games} Rc7 $146 ({Predecessor:} 15... Qa8 16. Bf1 Rc7 17. Qa2 Ne4 18. Bxg7 Kxg7 19. Nd4 a6 20. Nxe4 Bxe4 21. Rc3 Rfc8 {1-0 (57) Mateuta,G (2468)-Valeanu,E (2361) Predeal 2006}) 16. Bf1 Rfc8 17. h3 Ne4 18. Bxg7 Kxg7 19. Nd4 Nxd2 20. Rxd2 a6 21. Rdc2 Kg8 22. Rc3 Nf6 23. Ne2 h5 24. Qd1 Bc6 25. Rd3 a5 26. Nc3 axb4 27. axb4 Ne4 28. Nxe4 Bxe4 29. Rdc3 Bf5 30. Qd4 Rc6 31. Be2 e5 32. Qd5 Be6 33. Qb5 Qa7 34. Kh2 Kg7 35. Bf3 R6c7 36. R3c2 h4 37. Be2 d5 38. c5 (38. Rd1 $11) 38... bxc5 39. Rxc5 Rxc5 (39... Rb7 $5 40. Qd3 Rxc5 41. bxc5 Qa2 $11) 40. bxc5 Qa3 41. Rc2 d4 42. c6 Qd6 43. Qc5 Qc7 44. exd4 exd4+ 45. Kg1 Rd8 46. Bf3 d3 47. Rd2 Bf5 48. Qc3+ Kg8 $11 49. Bg4 Rb8 50. Rd1 Bxg4 1/2-1/2

[Event "WTCC-50 2018"]
[Site "Radebeul"]
[Date "2018.07.08"]
[Round "2"]
[White "Tolhuizen, Ludo"]
[Black "Volke, Karsten"]
[Result "0-1"]
[ECO "B20"]
[WhiteElo "2118"]
[BlackElo "2474"]
[Annotator "ChessBase"]
[PlyCount "76"]
[EventDate "2018.07.07"]
[EventType "team-tourn"]
[EventCountry "GER"]
[SourceTitle "playchess.com"]
[Source "ChessBase"]
[SourceQuality "1"]
[TimeControl "40/5400+30:1800+30"]

1. e4 c5 2. d3 Nc6 3. f4 d5 4. Nc3 d4 5. Nce2 e5 6. Nf3 Bd6 7. g3 h5 8. h3 Qc7 9. f5 Nf6 10. Bg2 Bd7 11. c4 dxc3 12. Nxc3 Nd4 13. O-O Bc6 14. Bg5 Nh7 15. Be3 O-O-O 16. Rc1 Kb8 17. Bf2 Be7 18. Nxd4 exd4 19. Ne2 Qa5 20. a3 Ba4 21. b3 Bb5 22. a4 Ba6 23. Nf4 Bg5 24. Be1 Qb6 25. Bd2 h4 26. gxh4 Bh6 27. Qc2 Rhe8 28. Rfe1 Qd6 29. Nd5 Bxd2 30. Qxd2 Nf6 31. Nxf6 gxf6 32. Bf1 Rg8+ 33. Kh1 Rg3 34. Qh2 b6 35. Rcd1 Rh8 36. e5 Bb7+ 37. Re4 Bxe4+ 38. dxe4 Qxe5 0-1